 Dungeon Crawl Stone Soup version 0.30-a0-50-gb2d611f6b1 (webtiles) character file.

Game seed: 11222432863824510708

375 LnG the Chopper (level 6, -3/55 HPs)
             Began as a Hill Orc Fighter on Sept 5, 2022.
             Succumbed to Ijyb's poison
             ... on level 3 of the Dungeon.
             The game lasted 00:05:51 (2244 turns).

LnG the Chopper (Hill Orc Fighter)                  Turns: 2244, Time: 00:05:52

Health: -3/55      AC: 12    Str: 21    XL:     6   Next: 72%
Magic:  6/6        EV:  9    Int:  8    God:
Gold:   111        SH:  4    Dex: 10    Spells: 5/5 levels left

rFire   . . .      SeeInvis .    a - +0 war axe
rCold   . . .      Faith    .    c - +0 buckler
rNeg    . . .      Spirit   .    b - +0 scale mail
rPois   .          Reflect  .    (no helmet)
rElec   .          Harm     .    e - +1 cloak
rCorr   .          Rampage  .    (no gloves)
Will    .....                    n - +2 pair of boots
Stlth   ..........               t - amulet of regeneration
HPRegen 0.98/turn                (no ring)
MPRegen 0.10/turn                (no ring)

@: mighty, lethally poisoned (-3 -> -18)
A: no striking features
a: no special abilities


You were on level 3 of the Dungeon.
You visited 1 branch of the dungeon, and saw 3 of its levels.

You collected 111 gold pieces.

Inventory:

Hand Weapons
 a - a +0 war axe (weapon)
Armour
 b - a +0 scale mail (worn)
 c - a +0 buckler (worn)
 e - a +1 cloak (worn)
 n - a +2 pair of boots (worn)
Jewellery
 t - an amulet of regeneration (around neck)
Wands
 v - a wand of flame (24)
Scrolls
 f - 2 scrolls of silence
 g - a scroll of teleportation
 i - a scroll of torment {unknown}
 k - a scroll of amnesia {unknown}
 p - a scroll of noise {unknown}
 q - a scroll of poison {unknown}
 w - a scroll of enchant armour
Potions
 d - a potion of might
 h - a potion of resistance {unknown}
 j - a potion of mutation
 l - a potion of cancellation {unknown}
 m - 2 potions of heal wounds
 o - a potion of lignification {unknown}
 r - a potion of attraction {unknown}
 s - a potion of haste {unknown}
 u - a potion of berserk rage


   Skills:
 + Level 4.9 Fighting
 + Level 6.6 Axes
 + Level 4.3 Armour
 + Level 1.2 Dodging
 + Level 4.0 Shields


You had 5 spell levels left.
You didn't know any spells.
Your spell library contained the following spells:

 Spells                   Type           Power      Damage    Failure   Level
 Beastly Appendage        Tmut           0%         N/A       83%         1
 Wereblood                Tmut           0%         N/A       92%         2
 Spider Form              Tmut/Pois      0%         N/A       99%         3


Dungeon Overview and Level Annotations

Branches:
Dungeon (3/15)

Altars:
Dithmenos
Makhleb
Xom

Annotations:
D:3 Ijyb


Message History

Found a scroll of silence.
Ijyb shouts!
Ijyb screams, "It's all mine!"
Ijyb zaps a wand.
The mass of ice explodes!
The iceblast engulfs you but does no damage.
You hear a shout!
Ijyb drinks a potion.
Ijyb goes berserk!
You completely miss Ijyb. Ijyb hits you but does no damage.
You are poisoned.
You closely miss Ijyb.
You feel sick. Ijyb barely misses you.
Ijyb hits you with a +2 dagger of venom.
You are more poisoned.
You closely miss Ijyb.
You feel very sick. Ijyb barely misses you. You block Ijyb's attack.
You barely miss Ijyb.
You feel very sick.
Ijyb hits you with a +2 dagger of venom!
Ijyb barely misses you.
You slash Ijyb!
Ijyb is heavily wounded.
You feel sick. Ijyb hits you but does no damage.
You are more poisoned.
Ijyb hits you with a +2 dagger of venom.
You are more poisoned.
You slash Ijyb!
Ijyb is severely wounded.
You feel extremely sick.
Ijyb hits you with a +2 dagger of venom!
You are too injured to fight recklessly!
You hit Ijyb.
Ijyb is severely wounded.
You feel very sick.
Ijyb hits you with a +2 dagger of venom!
* * * LOW HITPOINT WARNING * * *
Ijyb hits you but does no damage.
You are more poisoned.
You hit Ijyb.
Ijyb is severely wounded.
You die...

## ##.### .....#
..?.. #.=. #..#
#... #..# #..g##
#..#
####...@####..#
#.............##
#.###.#.#.#....
###?....##.##
......#.#....####.#
#.###.........)...#
..........#######
######.##.# #
#.##.#


You could see Ijyb (berserk).

Vanquished Creatures
  Sigmund (D:3)
  3 crimson imps (D:3)
  Jessica (D:3)
  4 adders
  A worm (D:2)
  A ball python (D:1)
  2 bats (D:1)
  8 endoplasms
  4 giant cockroaches
  4 hobgoblins (D:1)
  5 kobolds
  4 quokkas
  A frilled lizard (D:1)
  6 goblins
  4 rats
49 creatures vanquished.

Notes
Turn   | Place    | Note
-------+----------+-------------------------------------------
     0 | D:1      | LnG the Hill Orc Fighter began the quest for the Orb.
     0 | D:1      | Reached XP level 1. HP: 19/19 MP: 1/1
   161 | D:1      | Reached XP level 2. HP: 27/27 MP: 2/2
   235 | D:1      | Reached skill level 3 in Axes
   236 | D:1      | Found a faded altar of an unknown god.
   886 | D:2      | Reached XP level 3. HP: 33/33 MP: 3/3
  1474 | D:2      | Reached XP level 4. HP: 41/41 MP: 4/4
  1713 | D:2      | Found a burning altar of Makhleb.
  1778 | D:3      | Found a shadowy altar of Dithmenos.
  1842 | D:3      | Noticed Jessica
  1850 | D:3      | Killed Jessica
  1851 | D:3      | Reached skill level 4 in Axes
  1954 | D:3      | Found a shimmering altar of Xom.
  1972 | D:3      | Reached skill level 5 in Axes
  1972 | D:3      | Reached XP level 5. HP: 47/47 MP: 5/5
  2216 | D:3      | Noticed Sigmund
  2222 | D:3      | Killed Sigmund
  2223 | D:3      | Reached skill level 6 in Axes
  2223 | D:3      | Reached skill level 1 in Dodging
  2223 | D:3      | Reached XP level 6. HP: 48/55 MP: 6/6
  2232 | D:3      | Noticed Ijyb
  2244 | D:3      | Succumbed to Ijyb's poison

Illustrated notes

Levels and vault maps discovered:
D:1:      minmay_arrival_glassed_features, layout_loops_ring,
          ebering_ecumenical_altar_sacrificial
D:2:      layout_loops_ring, basic_altar, minmay_unequal
D:3:      layout_loops_ring, nicolae_dithmenos_through_a_glass_darkly,
          led_xom_imps, nicolae_overflow_hallway_of_the_gods, serial_glass,
          glass_columns_c, glass_columns_a, uniq_ijyb, uniq_sigmund,
          uniq_jessica

Skill      XL: |  1  2  3  4  5 |
---------------+----------------+-----
Axes           | 3 5 6 |  6.6
Fighting       | 4 |  4.9
Armour         | 4 |  4.3
Dodging        | 1 |  1.2
Shields        | 4 |  4.0

Action                   |  1- 3 |  4- 6 || total
-------------------------+-------+-------++-------
Melee: War axe           |    87 |    87 ||   174
  Use: Scroll            |     6 |       ||     6
       Potion            |       |     1 ||     1
Armor: Scale mail        |    39 |    40 ||    79
Dodge: Dodged            |    36 |    46 ||    82
Block: Buckler           |    11 |    16 ||    27

Table legend: (Time is in decaauts)
 A = Elapsed time spent in this place.
 B = Non-inter-level travel time spent in this place.
 C = Inter-level travel time spent in this place.
 D = Time resting spent in this place.
 E = Time spent auto-exploring this place.
 F = Levels seen in this place.
 G = Mean time per level.
                   A        B        C        D        E       F      G
               +--------+--------+--------+--------+--------+-----+--------+
         Total |   2302 |   2284 |     18 |    100 |   1486 |   3 |  767.3 |
       Dungeon |   2302 |   2284 |     18 |    100 |   1486 |   3 |  767.3 |
               +--------+--------+--------+--------+--------+-----+--------+

Top non-repeatable levels by time:
     D:2: 947 daAuts
     D:1: 839 daAuts
     D:3: 516 daAuts
